 Dungeon Crawl Stone Soup version 0.32-a0-732-ga344392067 (webtiles) character file.

Game seed: 18105809187321770166

100 gimp the Slasher (level 4, -4/32 (34) HPs)
             Began as a Coglin Wanderer on Mar 16, 2024.
             Slain by a wight
             ... wielding a +2 hand axe
              (8 damage)
             ... on level 3 of the Dungeon.
             The game lasted 00:05:20 (1935 turns).

gimp the Slasher (Coglin Wanderer)                  Turns: 1935, Time: 00:05:21

HP:   -4/32 (34)    AC:  4    Str: 13    XL:     4   Next: 74%
MP:   5/5           EV: 10    Int: 11    God:
Gold: 136           SH:  0    Dex: 15    Spells: 4/5 levels left

rFire   . . .        a - +0 long sword {Gloria}
rCold   . . .        e - +0 dagger {Gilbert}
rNeg    . . .        d - +0 leather armour
rPois   .            (no helmet)
rElec   .            (no cloak)
rCorr   .            b - +0 pair of gloves
SInv    .            (no boots)
Will    .....        (amulet unavailable)
Stlth   +            (ring unavailable)
HPRegen 0.25/turn    (ring unavailable)
MPRegen 0.09/turn    (no gizmo)

%: no passive effects
@: drained, revved
A: off-hand wielding, slow wielding, warmup strikes, no jewellery
a: Invent Gizmo


You were on level 3 of the Dungeon.
You visited 1 branch of the dungeon, and saw 4 of its levels.

You collected 136 gold pieces.

Inventory:

Hand Weapons
 a - a +0 long sword (weapon) {Gloria}
 e - a +0 dagger (offhand) {Gilbert}
Armour
 b - a +0 pair of gloves (worn)
 d - a +0 leather armour (worn)
Scrolls
 c - 2 scrolls of fog
 f - 2 scrolls of poison {unknown}
 g - 3 scrolls of identify {unknown}
 h - a scroll of noise {unknown}
 i - 2 scrolls of enchant weapon {unknown}
 l - a scroll of blinking {unknown}
 n - a scroll of revelation {unknown}
Potions
 j - 3 potions of degeneration {unknown}
 k - a potion of berserk rage {unknown}
 m - a potion of curing {unknown}


   Skills:
 + Level 2.6 Fighting
 * Level 4.6 Long Blades
 - Level 1.7 Armour
 - Level 1.7 Dodging
 - Level 1.0 Spellcasting
 - Level 1.0 Air Magic


You had 4 spell levels left.
You knew the following spells:

 Your Spells              Type           Power      Damage    Failure   Level
a - Shock                 Conj/Air       4%         1d3       32%         1

Your spell library contained the following spells:

 Spells                   Type           Power      Damage    Failure   Level
 Necrotise                Necr           0%         1d4       38%         1
 Swiftness                Air            2%         N/A       63%         3
 Mephitic Cloud           Conj/Alch/Air  1%         N/A       73%         3
 Vampiric Draining        Necr           0%         2d6       77%         3
 Volatile Blastmotes      Fire/Tloc      0%         2d10      77%         3
 Airstrike                Air            1%         2d(1-17)  95%         4
 Fulminant Prism          Conj/Alch      0%         3d5       99%         4
 Iskenderun's Mystic Bla  Conj/Tloc      0%         2d3       99%         4
 Martyr's Knell           Necr/Summ      0%         N/A       99%         4
 Curse of Agony           Necr           0%         N/A       100%        5


Dungeon Overview and Level Annotations

Branches:
Dungeon (4/15)
 Temple: D:4-7

Altars:
Elyvilon


Innate Abilities, Weirdness & Mutations

You can wield a second weapon in your off-hand.
It takes a long time for you to wield or remove held weapons.
Your first few attacks do less damage.
You cannot equip rings or amulets.


Message History

You kill the rat!
No target in view!
No target in view!
There is a fountain of clear blue water here.
Things that are here:
a +0 club; a kobold corpse
There is a fountain of clear blue water here.
There is a stone staircase leading down here.
There is a stone staircase leading down here.
An orc comes into view. It is wielding a +0 short sword.
An orc is nearby!
An orc is nearby!
You hit the orc with your +0 long sword.
The orc is severely wounded.
You closely miss the orc with your +0 dagger.
The orc misses you.
You barely miss the orc with your +0 long sword.
The orc is severely wounded.
You hit the orc with your +0 dagger. The orc hits you but does no damage.
You hit the orc with your +0 long sword.
You kill the orc!
No target in view!
You see here a +0 short sword.
You see here a +0 war axe.
An endoplasm comes into view.
An endoplasm is nearby!
You hit the endoplasm with your +0 dagger.
The endoplasm is heavily wounded.
You slash the endoplasm with your +0 long sword!
You kill the endoplasm!
No target in view!
No target in view!
No target in view!
n - a scroll labelled VATHYB YLIRGHO A ball python comes into view.
The ball python hisses angrily.
A ball python is nearby!
A ball python is nearby!
Items here: ))) ÷.
The ball python barely misses you. The ball python grabs you.
The ball python constricts you.
You take 1 damage, and have 33/34 hp.
You barely miss the ball python with your +0 long sword.
You hit the ball python with your +0 dagger.
The ball python bites you but does no damage.
The ball python constricts you.
The ball python bites you but does no damage.
The ball python constricts you.
You take 1 damage, and have 32/34 hp.
You hit the ball python with your +0 dagger.
You kill the ball python!
No target in view!
Done exploring.
Health restored: 34 Done exploring.
Done exploring.
Items here: ))) ÷.
There is a stone staircase leading down here.
You climb downwards.
The kobold shouts!
The jelly quivers.
There is a stone staircase leading up here.
There are monsters nearby!
There are monsters nearby!
Unknown command.
The ball python hisses angrily.
The dart slug launches a dart at you. The slug dart misses you.
The wight barely misses you.
You climb upwards.
There is a stone staircase leading down here.
You hit the wight but do no damage.
You barely miss the wight with your +0 long sword.
The wight hits you with a +2 hand axe.
You completely miss the wight with your +0 long sword.
You hit the wight but do no damage. The wight hits you with a +2 hand axe!
You hit the wight with your +0 long sword.
The wight is heavily damaged.
You barely miss the wight with your +0 dagger.
The wight misses you.
You take 14 damage, and have 20/34 hp.
MASSIVE DAMAGE!!
You hit the wight but do no damage.
The wight is moderately damaged.
You hit the wight but do no damage. The wight hits you with a +2 hand axe!
You feel drained.
You take 8 damage, and have 12/32 hp.
MASSIVE DAMAGE!!
You are too injured to fight recklessly!
You are too injured to fight recklessly!
You are too injured to fight recklessly!
You hit the wight but do no damage.
The wight is moderately damaged.
You barely miss the wight with your +0 long sword.
The wight hits you with a +2 hand axe!
* * * LOW HITPOINT WARNING * * *
You take 8 damage, and have 4/32 hp.
MASSIVE DAMAGE!!
Okay, then.
You hit the wight with your +0 long sword.
The wight is severely damaged.
You hit the wight but do no damage. The wight hits you with a +2 hand axe!
You die...

#..#.........#
##...#######.# #.....#
#.# #.#.#.######.######
###.....)...........#
......#.######.####.#
###.....### #.####.###
..........####........#
####...##.#.....@.....#
#####.###.......z.#...#
......#
###.#####.#...##
#####.# #.# #.#....#
#.# #.# ##.#..#.#
#####.# #.# #.....#.#
......# #.# #.###.#.#
#####.### #.# #.# #.#.#
#...# #.# #.#
#.#.#######


You could see a wight.

Vanquished Creatures
  An orc priest (D:3)
  2 adders
  4 orcs (D:3)
  4 bats
  4 endoplasms
  2 giant cockroaches
  5 goblins
  4 hobgoblins
  3 kobolds
  4 quokkas
  7 ball pythons
  3 frilled lizards (D:3)
  3 rats
46 creatures vanquished.

Notes
Turn   | Place    | Note
-------+----------+-------------------------------------------
     0 | D:1      | gimp the Coglin Wanderer began the quest for the Orb.
     0 | D:1      | gimp set off with the following items: a +0 long sword
                  | {Gloria}, a +0 pair of gloves, a scroll of fog, a +0
                  | leather armour, a +0 dagger {Gilbert}; and the following
                  | spell memorised: Shock; and the following spells available
                  | to memorise: Mephitic Cloud.
     0 | D:1      | Reached XP level 1. HP: 15/15 MP: 2/2
   252 | D:1      | Reached XP level 2. HP: 20/21 MP: 3/3
   537 | D:2      | HP: 1/21 [ball python (1)]
   674 | D:2      | Reached XP level 3. HP: 22/27 MP: 4/4
   799 | D:2      | Reached skill level 4 in Long Blades
  1418 | D:3      | Reached XP level 4. HP: 25/34 MP: 5/5
  1527 | D:3      | Found a white marble altar of Elyvilon.
  1935 | D:3      | Slain by a wight

Illustrated notes

Levels and vault maps discovered:
D:1:      amcnicky_arrival_underground_garden, layout_rooms,
          minmay_misc_feat_four_crosses, amcnicky_mini_pool_small
D:2:      layout_basic
D:3:      layout_loops_ring, elyvilon_altar_1
D:4:      lemuel_castle_with_subvaults [lemuel_castle_interior_original],
          layout_rooms, saegor_snake_ambush

Skill      XL: |  1  2  3 |
---------------+----------+-----
Fighting       | 2 |  2.6
Long Blades    | 4 |  4.6
Armour         | |  1.7
Dodging        | |  1.7
Spellcasting   | |  1.0
Air Magic      | |  1.0

Action                     |  1- 3 |  4- 6 || total
---------------------------+-------+-------++-------
  Melee: Dagger            |    59 |    24 ||    83
         Long sword        |    66 |    26 ||    92
 Armour: Leather armour    |    48 |    18 ||    66
  Dodge: Dodged            |    41 |    12 ||    53

Table legend: (Time is in decaauts)
 A = Elapsed time spent in this place.
 B = Non-inter-level travel time spent in this place.
 C = Inter-level travel time spent in this place.
 D = Time resting spent in this place.
 E = Time spent auto-exploring this place.
 F = Levels seen in this place.
 G = Mean time per level.
                   A        B        C        D        E       F      G
               +--------+--------+--------+--------+--------+-----+--------+
         Total |   1939 |   1882 |     57 |      0 |   1560 |   4 |  484.8 |
       Dungeon |   1939 |   1882 |     57 |      0 |   1560 |   4 |  484.8 |
               +--------+--------+--------+--------+--------+-----+--------+

Top non-repeatable levels by time:
     D:3: 720 daAuts
     D:2: 687 daAuts
     D:1: 528 daAuts
     D:4: 3 daAuts
